 Dungeon Crawl Stone Soup version 0.20.0-15-g7f486f2 (webtiles) character file.

811 sagitran the Ruffian (level 7, -1/67 HPs)
             Began as a Troll Fighter on June 9, 2017.
             Was a Follower of Okawaru.
             Slain by an adder (3 damage)
             ... on level 5 of the Dungeon.
             The game lasted 00:49:33 (2717 turns).

sagitran the Ruffian (Troll Fighter)                Turns: 2717, Time: 00:49:34

Health: -1/67      AC:  7    Str: 32      XL:     7   Next: 61%
Magic:  6/6        EV: 10    Int:  8      God:    Okawaru [*.....]
Gold:   193        SH:  0    Dex:  5 (9)  Spells: 6/6 levels left

rFire    + . .     SeeInvis .   r - +0 giant spiked club
rCold    . . .     Gourm    +   (shield currently unavailable)
rNeg     . . .     Faith    .   e - +2 robe {rF+}
rPois    .         Spirit   .   (helmet restricted)
rElec    .         Reflect  .   (no cloak)
rCorr    .         Harm     .   (gloves unavailable)
MR       +....                  (boots unavailable)
Stlth    +.........             (no amulet)
Regen    0.7/turn               k - +4 ring of intelligence
MPRegen  0.1/turn               m - ring of protection from magic

@: mighty, lethally poisoned (-1 -> -1)
A: unfitting armour, claws 3, fast metabolism 3, gourmand, regeneration 1,
shaggy fur 1, tough skin 2
a: Heroism, Renounce Religion


You were on level 5 of the Dungeon.
You worshipped Okawaru.
Okawaru was aware of your devotion.
You were full.

You visited 2 branches of the dungeon, and saw 6 of its levels.

You collected 193 gold pieces.

Inventory:

Hand Weapons
 a - a +1 hunting sling
 r - a +0 giant spiked club (weapon)
Missiles
 f - 140 stones
 n - 2 large rocks (quivered)
 p - 18 sling bullets
Armour
 b - a +0 shield
 e - a +2 robe of fire resistance (worn)
Jewellery
 k - a +4 ring of intelligence (left claw)
 m - a ring of protection from magic (right claw)
Scrolls
 g - 3 scrolls of identify
 q - 2 scrolls of teleportation
 s - a scroll of immolation {unknown}
 t - a scroll of random uselessness {unknown}
 v - a scroll of noise {unknown}
Potions
 h - 3 potions of agility
 i - a potion of flight
 j - a potion of ambrosia
 u - a potion of mutation {unknown}
 w - a potion of curing {unknown}
Comestibles
 d - 8 bread rations
 l - 2 royal jellies
 o - 2 meat rations


   Skills:
 + Level 3.3 Fighting
 + Level 1.0 Maces & Flails
 + Level 2.2 Slings
 + Level 4.1 Dodging
 + Level 3.9 Shields
 + Level 4.7 Unarmed Combat


You had 6 spell levels left.
You didn't know any spells.

Dungeon Overview and Level Annotations

Branches:
Dungeon (5/15)             Temple (1/1) D:4

Altars:
Cheibriados
Fedhas
Gozag
Hepliaklqana
Kikubaaqudgha
Nemelex Xobeh
Okawaru
Uskayaw
Xom
Yredelemnul
The Shining One


Innate Abilities, Weirdness & Mutations

You are too large for most types of armour.
You have claws for hands.
Your metabolism is lightning-fast.
You like to eat raw meat.
Your natural rate of healing is unusually fast.
You are covered in fur. (AC +1)
You have very tough skin. (AC +2)


Message History

The quokka twitches its whiskers.
The adder bites you.
* * * LOW HITPOINT WARNING * * *
You miss the adder.
The adder is moderately wounded.
The adder barely misses you. The adder closely misses you.
You barely miss the adder.
The adder is moderately wounded.
The adder bites you.
* * * LOW HITPOINT WARNING * * *
You are poisoned.
The adder poisons you! The adder bites you.
* * * LOW HITPOINT WARNING * * *
* * * LOW HITPOINT WARNING * * *
You feel sick.
There is an open door here.
You closely miss the adder.
The adder is moderately wounded.
The adder bites you.
You die...

##..[#######..
#.............
#.####'####..
#.#.^#.#^.#
#.####†####
#.^#†#^.#
####r####
#.^#S#^.#
...####@####h##
......#.#......
......###..#...
..............
###.####$###...
#. .# .. . .. .
# ##


You could see an adder and a quokka.

Vanquished Creatures
  Sigmund (D:2)
  An ogre (D:5)
  A bullfrog (D:4)
  3 howler monkeys
  A quasit (D:5)
  A hound (D:4)
  An orc wizard (D:4)
  Jessica (D:2)
  2 iguanas (D:5)
  2 worker ants
  4 gnolls (D:2)
  7 adders
  A worm (D:2)
  3 leopard geckos
  4 orcs
  4 bats
  4 giant cockroaches
  13 goblins
  9 hobgoblins
  4 jackals
  6 kobolds
  2 ball pythons (D:1)
  4 frilled lizards
  A quokka skeleton (D:5)
  5 rats
85 creatures vanquished.

Notes
Turn   | Place    | Note
-------+----------+-------------------------------------------
     0 | D:1      | sagitran the Troll Fighter began the quest for the Orb.
     0 | D:1      | Reached XP level 1. HP: 22/22 MP: 0/0
    44 | D:1      | Reached XP level 2. HP: 24/29 MP: 1/1
   300 | D:1      | Reached XP level 3. HP: 36/36 MP: 2/2
   559 | D:2      | Found an iron altar of Okawaru.
   631 | D:2      | Noticed Sigmund
   639 | D:2      | Killed Sigmund
   639 | D:2      | Reached XP level 4. HP: 38/45 MP: 3/3
   639 | D:2      | Reached XP level 5. HP: 45/53 MP: 4/4
   656 | D:2      | Noticed Jessica
   661 | D:2      | Killed Jessica
   830 | D:2      | Reached XP level 6. HP: 37/61 MP: 5/5
  1099 | D:2      | Became a worshipper of Warmaster Okawaru
  1378 | D:3      | Found a faded altar of an unknown god.
  1769 | D:4      | Reached skill level 1 in Slings
  1939 | D:4      | Found a staircase to the Ecumenical Temple.
  1945 | Temple   | Entered the Ecumenical Temple
  2082 | D:4      | Reached XP level 7. HP: 57/67 MP: 6/6
  2590 | D:5      | Entered Level 5 of the Dungeon
  2660 | D:5      | Reached * piety under Okawaru
  2702 | D:5      | HP: 3/67 [quasit (1)]
  2708 | D:5      | HP: 3/67 [quasit (2)]
  2711 | D:5      | Reached skill level 1 in Maces & Flails
  2715 | D:5      | HP: 2/67 [adder (3)]
  2717 | D:5      | Slain by an adder

Skill      XL: |  1  2  3  4  5  6  7 |
---------------+----------------------+-----
Dodging        | 3 4 |  4.1
Fighting       | 3 |  3.3
Shields        | 3 |  3.9
Unarmed Combat | 3 4 |  4.7
Slings         | 1 2 |  2.2
Maces & Flails | 1 |  1.0

Action                   |  1- 3 |  4- 6 |  7- 9 || total
-------------------------+-------+-------+-------++-------
Melee: Unarmed           |    84 |    74 |    30 ||   188
       Hunting sling     |       |     6 |       ||     6
       Giant spiked club |       |       |    51 ||    51
 Fire: Hunting sling     |       |    71 |       ||    71
Throw: Large rock        |       |       |     2 ||     2
  Use: Scroll            |     2 |     6 |       ||     8
       Potion            |       |     1 |     2 ||     3
 Stab: Sleeping          |       |       |     1 ||     1
  Eat: Chunk             |    11 |    14 |     2 ||    27
Armor: Robe              |    41 |    32 |    64 ||   137
Dodge: Dodged            |    29 |    39 |    98 ||   166
Block: Shield            |    37 |    59 |    12 ||   108
